[Event "Romanian-ch Youth Open U20 2024"]
[Site "Eforie Nord"]
[Date "2024.04.15"]
[Round "5.1"]
[White "Antonica, Dragos-Andrei"]
[Black "Mintau, Andrei-Catalin"]
[Result "1/2-1/2"]
[ECO "A37"]
[WhiteElo "2317"]
[BlackElo "2006"]
[Annotator "TA"]
[PlyCount "93"]
[EventDate "2024.04.10"]
[EventType "swiss"]
[EventCountry "ROU"]
[SourceTitle "playchess.com"]
[Source "ChessBase"]
[SourceQuality "1"]
[TimeControl "5400+30"]

1. c4 c5 2. Nc3 Nc6 3. g3 e5 4. Bg2 g6 5. Nf3 Bg7 6. O-O d6 7. a3 a5 8. Ne1 Be6 9. d3 Nge7 10. Nc2 d5 11. cxd5 Nxd5 12. Ne4 b6 13. Ng5 Bc8 14. Ne3 Nde7 15. Bd2 h6 16. Ne4 Be6 17. Qa4 {[%emt 0:04:22][%cal Oe4c5] Black must now prevent Nxc5!} Qc7 18. b4 O-O $1 {[%emt 0:16:48] ...axb4 would now be deadly.} 19. bxc5 b5 20. Qd1 (20. Qxb5 $2 {loses.} Rfb8 21. a4 (21. Qa4 $2 Bb3 $19) 21... Nd4 $19 (21... Rxb5 $2 22. axb5 Nd4 23. Rfb1 $19)) 20... Nd4 21. Rb1 f5 22. Nc3 Qxc5 23. Bxa8 Rxa8 24. Ng2 {[%emt 0:03:01] [#]} (24. Nc2 $11 Nb3 25. Rb2) 24... Qc6 (24... a4 $1 $17 25. e3 Nb3) 25. Ne1 $11 Nd5 {[%emt 0:04:19] Dodges e3} 26. Nxd5 Bxd5 27. Be3 Ne6 $1 28. f3 g5 29. Bf2 {[%emt 0:00:59] Threatens to win with e4.} e4 30. Rc1 Qb7 31. dxe4 fxe4 32. fxe4 Bxe4 33. Nd3 (33. Qd6 $11 Re8 34. Be3) 33... Bh1 {[%emt 0:01:07][%mdl 1024] Black has strong compensation. This pair of bishops is nice.} 34. Ne1 {[%emt 0:00:09] Against Qg2+. aiming for Nf3.} Rd8 $1 35. Qb3 Bd5 36. Qe3 {[%emt 0:00:50] [#]} (36. Qd3 $11) 36... g4 $2 (36... Nd4 $1 $17 37. Rc5 a4) 37. Nd3 $14 {[%emt 0:01:19] Rfd1 is the strong threat.} Ng5 38. Nf4 Bh1 $2 (38... Rf8 $14 39. h4 Nh3+ (39... gxh3 40. Qb6 $16) 40. Kh2 Nxf4 41. gxf4 Qf7) 39. Rfd1 $18 Rf8 {[%emt 0:00:23][%cal Of8f4] Strongly threatening ...Rxf4!} 40. Kf1 Nh3 41. Qe6+ Kh7 $2 (41... Qf7) 42. Qg6+ (42. Rd7 $142 {Threatening mate with Qg6+.} Rxf4 43. Rxb7 Rxf2+ 44. Ke1 Bxb7 45. Rc7 (45. Qxg4 Bg2 $18)) 42... Kh8 43. Qxg4 (43. Nxh3 $18 gxh3 44. Ke1) 43... Nxf2 $1 $11 {[%emt 0:01:05] The position is equal.} 44. Kxf2 Qg2+ 45. Ke1 (45. Ke3 $5 Qe4+ $8 46. Kd2 Qd4+ 47. Ke1 Qg1+ 48. Kd2 Qd4+ 49. Ke1 Qg1+ 50. Kd2 Qd4+ $11) 45... Qg1+ 46. Kd2 {[%emt 0:00:01] Ng6+ would kill now.} Qd4+ 47. Ke1 {[%emt 0:00:14] Weighted Error Value: White=0.47/Black=0.24 (precise) .  Loses game:     	---       	Black=1      Mistake:       	White=4     	Black=3      Inaccurate:     	White=4     	Black=4      OK:         	White=18    	Black=13     Best:        	White=2     	Black=2      Strong:       	---       	Black=4} 1/2-1/2

[Event "Romanian-ch Youth Open U20 2024"]
[Site "Eforie Nord"]
[Date "2024.04.15"]
[Round "5.2"]
[White "Serban, Cristian-Stefan"]
[Black "Tudor, Henry Edward"]
[Result "0-1"]
[ECO "E05"]
[WhiteElo "2282"]
[BlackElo "2279"]
[Annotator "TA"]
[PlyCount "52"]
[EventDate "2024.04.10"]
[EventType "swiss"]
[EventCountry "ROU"]
[SourceTitle "playchess.com"]
[Source "ChessBase"]
[SourceQuality "1"]
[TimeControl "5400+30"]

1. d4 Nf6 2. c4 e6 3. Nf3 d5 4. g3 Be7 5. Bg2 O-O 6. O-O dxc4 7. Qc2 b5 8. a4 b4 9. Nfd2 (9. Qxc4 Ba6 10. Qc2 Nbd7 $15) 9... Nd5 10. Nxc4 {[%emt 0:01:29] The position is equal.} (10. Qxc4 Ba6 11. Qc2 c5 (11... Bxe2 12. Re1 $17) 12. dxc5 Nd7 $17) 10... c5 11. dxc5 Ba6 12. Rd1 {[%emt 0:01:51] Strongly threatening e4.} Nd7 13. Ne3 (13. c6 $11 Rc8 14. Ne3 (14. cxd7 Rxc4 15. Qb3 Rc7 $17)) 13... Rc8 {[%emt 0:00:23] Black is more active.} (13... Bxc5 $17 {Hoping for ...Rc8.} 14. Nxd5 exd5) 14. c6 $11 Ne5 15. Nxd5 exd5 16. Bxd5 Nxc6 $1 17. Qe4 {[%emt 0:19:18] Wards off Nd4} (17. Bxc6 $2 Rxc6 18. Nc3 Qc7 $19 (18... Qe8 $2 19. Be3 $19)) (17. Bxf7+ $11 Rxf7 18. Rxd8+ Bxd8 19. Be3) 17... Bf6 $15 {[%emt 0:09:41][%mdl 1024] ...Re8 is the strong threat. Black has compensation.} 18. Be3 $1 {[%emt 0:06:55][%cal Od5f7] aiming for Bxf7+!} Re8 19. Qg4 ({White should play} 19. Qf5 $15 Kh8 (19... Bxe2 20. Bxf7+ Kxf7 21. Rxd8 $11) 20. Bb3) 19... Kh8 $17 20. Bb3 $2 {[%emt 0:04:03] [#] This move loses the game for White.} (20. h3 $17) 20... Nd4 $1 $19 21. Bxd4 (21. Rxd4 $2 {perishes.} Bxd4 22. Qxd4 (22. Bxd4 $2 Rc1+ 23. Kg2 Bb7+ 24. e4 Qxd4 $19) 22... Rc1+ 23. Kg2 (23. Bxc1 $2 {is the wrong capture.} Qxd4 24. e3 Qd3 $19) 23... Bb7+ $19) 21... Bxe2 22. Bxf6 Qxf6 23. Qxb4 (23. Qd4 {only move.} Bxd1 24. Qxd1) 23... Bxd1 24. Bxd1 {[%emt 0:00:06] Threatens to win with Nc3.} Rc1 25. Qd2 {[%emt 0:00:19] [#]} (25. Nc3 $142 Rxa1 26. Kg2) 25... Qf3 $1 26. Qxc1 (26. Nc3 Rxa1) 26... Re1# {[%emt 0:00:55] Weighted Error Value: White=0.78/Black=0.08 (flawless) .  Loses game:     	White=1     	---        Mistake:       	White=5     	Black=1      Inaccurate:     	White=1     	---        OK:         	White=5     	Black=7      Best:        	White=3     	Black=5      Strong:       	White=1     	Black=1      Brilliant:      	---       	Black=1} 0-1

[Event "Romanian-ch Youth Open U20 2024"]
[Site "Eforie Nord"]
[Date "2024.04.15"]
[Round "5.3"]
[White "Mazilu, Stefan Fabian"]
[Black "Coca, Cristi-Iulian"]
[Result "1/2-1/2"]
[ECO "B23"]
[WhiteElo "1994"]
[BlackElo "2235"]
[Annotator "TA"]
[PlyCount "62"]
[EventDate "2024.04.10"]
[EventType "swiss"]
[EventCountry "ROU"]
[SourceTitle "playchess.com"]
[Source "ChessBase"]
[SourceQuality "1"]
[TimeControl "5400+30"]

1. e4 c5 2. Nc3 e6 3. d4 cxd4 4. Qxd4 Nc6 5. Qd3 Nf6 6. Bf4 Bb4 7. Nge2 d5 (7... O-O $11) 8. O-O-O $14 {[%emt 0:01:59] White is slightly better.} O-O 9. exd5 Nxd5 10. Nxd5 exd5 11. Kb1 (11. Qxd5 $14 Qf6 12. a3) 11... Qf6 12. Qg3 Bf5 13. Nc1 ({Don't play} 13. Rxd5 Rac8 14. Rxf5 Qxf5 $17) 13... Rfe8 14. Bd3 Rac8 15. Qg5 Bxd3 16. Rxd3 Qxg5 17. Bxg5 d4 18. Rhd1 Bc5 19. a3 b5 20. Bf4 a5 21. R3d2 a4 22. Nd3 Bf8 23. Bg3 g6 24. f3 Bh6 25. Bf4 Bg7 26. Bg3 Bh6 27. Bf4 Bg7 28. Bg3 Na5 29. Re1 Rxe1+ 30. Bxe1 Re8 31. Bf2 Nc4 {[%emt 0:04:31] Weighted Error Value: White=0.07 (flawless) /Black=0.09 (flawless) .  Mistake:       	White=1     	Black=1      Inaccurate:     	---       	Black=1      OK:         	White=10    	Black=10     Best:        	White=2     	---} 1/2-1/2

[Event "Romanian-ch Youth Open U20 2024"]
[Site "Eforie Nord"]
[Date "2024.04.15"]
[Round "5.4"]
[White "Prisacaru, Stefan-Emilian"]
[Black "Antal, Hunor-Zoltan"]
[Result "1/2-1/2"]
[ECO "A48"]
[WhiteElo "2286"]
[BlackElo "2301"]
[Annotator "RC"]
[PlyCount "66"]
[EventDate "2024.04.10"]
[EventType "swiss"]
[EventCountry "ROU"]
[SourceTitle "playchess.com"]
[Source "ChessBase"]
[SourceQuality "1"]
[TimeControl "5400+30"]

1. d4 Nf6 2. Bf4 c5 3. e3 cxd4 4. exd4 g6 5. c3 Bg7 6. Nf3 d6 7. Be2 O-O 8. O-O Nc6 9. h3 b6 10. Re1 Bb7 11. Bf1 Qc7 12. Nbd2 Rad8 13. Bh2 Rfe8 14. Qa4 a6 15. Rad1 b5 16. Qc2 Na5 17. a4 Nc4 18. axb5 axb5 19. Ra1 Bd5 20. Nxc4 Bxc4 21. Bxc4 Qxc4 22. Nd2 Qc6 23. Qb3 Rb8 24. Ra7 Nd5 25. Ra5 Rec8 26. Bg3 h6 27. Rea1 Nf6 28. Ra7 Rc7 29. R1a6 Qd7 30. Ra8 Rcc8 31. R8a7 Rc7 32. Ra8 Rcc8 33. R8a7 Rc7 1/2-1/2

[Event "Romanian-ch Youth Open U20 2024"]
[Site "Eforie Nord"]
[Date "2024.04.16"]
[Round "6.1"]
[White "Prisacaru, Stefan-Emilian"]
[Black "Tudor, Henry Edward"]
[Result "0-1"]
[ECO "E11"]
[WhiteElo "2286"]
[BlackElo "2279"]
[Annotator "TA"]
[PlyCount "98"]
[EventDate "2024.04.10"]
[EventType "swiss"]
[EventCountry "ROU"]
[SourceTitle "playchess.com"]
[Source "ChessBase"]
[SourceQuality "1"]
[TimeControl "5400+30"]

1. d4 Nf6 2. c4 e6 3. Nf3 Bb4+ 4. Bd2 Qe7 5. e3 O-O 6. Be2 Bxd2+ 7. Qxd2 d6 8. O-O {[%emt 0:00:00] White has an edge.} e5 9. Qc2 e4 10. Nfd2 c6 11. Nc3 Bf5 12. b4 h5 13. c5 d5 14. b5 h4 15. bxc6 bxc6 16. Rab1 Qd7 17. Qb3 Qe6 18. Qb7 Nbd7 19. Qa6 Nb8 20. Qa4 (20. Qa5 $16) 20... Qc8 (20... h3 $14) 21. Rb2 Re8 22. Rfb1 Re7 ({Black should play} 22... h3 $14) 23. Nb3 Bg4 24. Na5 (24. Bxg4 $142 $1 Qxg4 25. h3) 24... Bxe2 $16 25. Nxe2 h3 (25... Rc7 $16) 26. g3 g5 27. Nc3 $1 Kg7 {[%emt 0:01:47] [#]} 28. Qd1 $1 {[%emt 0:00:00] Wards off Qg4} Na6 29. Nb7 Nc7 30. Nd6 {[%emt 0:00:00] Prevents Nce8} Qe6 31. Rb7 Rd7 {[%emt 0:02:27] [#]} 32. f3 (32. f4 $1 $16) 32... Nce8 $11 33. Rxd7 Nxd7 34. fxe4 Nxd6 35. cxd6 {[%emt 0:00:00] Qh5 is the strong threat.} dxe4 36. Qh5 f6 37. Rb7 Rb8 38. Rxa7 Rb2 $1 39. Ra8 {[%emt 0:00:00] Qh8+ would now be deadly.} Nb8 $40 {[%emt 0:00:00][%mdl 128] Black attacks.} 40. Ra7+ Nd7 {[%emt 0:00:01] Chess con chili.} 41. Nd1 $2 (41. Ne2 $11 Rb1+ 42. Kf2) 41... Rg2+ {[%emt 0:00:50] Black mates.} 42. Kh1 Qf5 ({Inferior is} 42... Rxa2 43. Rxa2 Qxa2 44. Qxh3 $11) 43. Rxd7+ Qxd7 {[%emt 0:02:25] KQR-KQN} 44. g4 Qxd6 (44... Qxg4 $2 {too greedy.} 45. Qxg4 Rxg4 46. d7 $18) 45. Qxh3 Rd2 46. Nc3 Qa3 47. Qf1 Qxc3 48. Qb1 Qxe3 49. Qb7+ Kg6 {[%emt 0:00:00] What a bad dream for White.   Weighted Error Value: White=0.24 (precise) /Black=0.11 (very precise) .  Loses game:     	White=1     	---        Mistake:       	White=3     	Black=3      Inaccurate:     	White=4     	Black=5      OK:         	White=8     	Black=11     Best:        	White=2     	Black=6      Strong:       	White=2     	Black=1} 0-1

[Event "Romanian-ch Youth Open U20 2024"]
[Site "Eforie Nord"]
[Date "2024.04.16"]
[Round "6.2"]
[White "Serban, Cristian-Stefan"]
[Black "Mazilu, Stefan Fabian"]
[Result "1/2-1/2"]
[ECO "E94"]
[WhiteElo "2282"]
[BlackElo "1994"]
[Annotator "TA"]
[PlyCount "68"]
[EventDate "2024.04.10"]
[EventType "swiss"]
[EventCountry "ROU"]
[SourceTitle "playchess.com"]
[Source "ChessBase"]
[SourceQuality "1"]
[TimeControl "5400+30"]

1. d4 Nf6 2. c4 g6 3. Nc3 Bg7 4. e4 d6 5. Nf3 O-O 6. Be2 e5 7. O-O Bg4 8. d5 a5 9. h3 Bxf3 10. Bxf3 Na6 11. Be3 {[%emt 0:03:43] White is slightly better.} Nd7 12. Be2 Nac5 13. Qc2 Qe7 14. Rae1 b6 (14... f5 $14) 15. b3 f5 16. exf5 gxf5 17. f4 exf4 18. Bxf4 Ne5 19. Bd2 Qd7 20. a3 a4 21. b4 Nb3 22. Nb5 Nxd2 23. Qxd2 Ng6 24. Bd3 Rf7 25. Qc2 {[%emt 0:02:22] White has more active pieces.} ({Better is} 25. Re6 $16) 25... Raf8 $11 26. Rf2 Be5 27. Ref1 Nh4 28. Qd1 Rg7 (28... Qe7 $15 29. Qh5 f4) 29. Qh5 Qe7 {[%emt 0:01:22] Threatens to win with ...Rg3.} (29... Bg3 30. Re2 $16) 30. Kh1 Kh8 31. Ra2 $2 (31. g4 $11) 31... Rfg8 32. Rff2 (32. Na7 Nxg2 (32... Rxg2 33. Rxg2 Rxg2 34. Bxf5 $19) 33. Nc6) 32... f4 {[%emt 0:02:43][%cal Of4f3] ...f3! would now be deadly.} 33. Nxc7 {[%emt 0:02:02] [#]} f3 $2 (33... Rg3 $1 $19 34. Be4 f3 (34... Qxc7 35. Qxh4 Qg7 36. Rf1 $15) 35. Bxf3 Nxf3 36. Rxf3 Rxf3 (36... Qxc7 $2 {perishes.} 37. Rf7 $18) 37. Qxf3 Qxc7) 34. g4 $1 Bg3 {[%emt 0:05:12] Weighted Error Value: White=0.64/Black=0.63.  Loses game:     	White=1     	---        Mistake:       	White=2     	Black=2      Inaccurate:     	White=3     	Black=4      OK:         	White=8     	Black=9      Best:        	---       	Black=1      Strong:       	White=1     	---} (34... Rg5 $5 35. Qh6 $8 (35. Qxh4 $2 {loses.} Rxg4 36. Qxg4 Rxg4 $19) 35... R5g6 36. Bxg6 Rxg6 $11) 1/2-1/2

[Event "Romanian-ch Youth Open U20 2024"]
[Site "Eforie Nord"]
[Date "2024.04.16"]
[Round "6.3"]
[White "Barbu, Simon-Alexandru"]
[Black "Antonica, Dragos-Andrei"]
[Result "0-1"]
[ECO "B23"]
[WhiteElo "1954"]
[BlackElo "2317"]
[Annotator "TA"]
[PlyCount "60"]
[EventDate "2024.04.10"]
[EventType "swiss"]
[EventCountry "ROU"]
[SourceTitle "playchess.com"]
[Source "ChessBase"]
[SourceQuality "1"]
[TimeControl "5400+30"]

1. e4 c5 2. Nc3 e6 3. f4 Nc6 4. Nf3 Nh6 5. Bb5 Nd4 6. O-O f5 7. d3 ({White should try} 7. Bd3) 7... a6 $11 8. Bc4 {[%emt 0:07:59] The position is equal.} b5 9. Bb3 Be7 (9... Bb7 $11) 10. Nxd4 $14 cxd4 11. Qh5+ Nf7 12. Ne2 g6 {[%emt 0:01:53] [#]} (12... a5 $14) 13. Qf3 (13. Qh3 $1 $16) 13... Qb6 {[%emt 0:02:52] [#]} 14. c3 $1 Bb7 (14... dxc3+ 15. Be3) 15. cxd4 (15. Nxd4 $16 {Threatens to win with Qe2.} Bc5 16. Be3) 15... Nd6 (15... fxe4 $1 $11 16. dxe4 Nd6) 16. Bc2 (16. Be3 $14 fxe4 17. Qh3 exd3 18. d5) 16... Qc6 $36 {[%emt 0:04:46][%csl LRc2,LRe4][%mdl 2048] Black has some pressure.} 17. Bb1 fxe4 18. dxe4 Nxe4 19. Be3 Nf6 20. Qxc6 Bxc6 21. a3 Nd5 22. Bd2 Bf6 23. Bd3 Ne7 24. Bc3 Kf7 25. Ng3 Nf5 26. Nxf5 gxf5 27. Rad1 Rhg8 28. Rf2 Bd5 29. Bc2 (29. Be2 $15) 29... a5 $17 {[%emt 0:00:53] Black is much more active.} 30. Bd3 {[%emt 0:00:31] [#]} (30. Kf1 $17) 30... b4 $1 {[%emt 0:02:02][%mdl 512] Weighted Error Value: White=0.31/Black=0.19 (very precise) .  Mistake:       	White=6     	Black=3      Inaccurate:     	White=2     	Black=4      OK:         	White=6     	Black=8      Best:        	White=2     	Black=2} 0-1

[Event "Romanian-ch Youth Open U20 2024"]
[Site "Eforie Nord"]
[Date "2024.04.16"]
[Round "6.4"]
[White "Coca, Cristi-Iulian"]
[Black "Tudoroiu, Razvan-Catalin"]
[Result "1-0"]
[ECO "B22"]
[WhiteElo "2235"]
[BlackElo "2004"]
[Annotator "TA"]
[PlyCount "33"]
[EventDate "2024.04.10"]
[EventType "swiss"]
[EventCountry "ROU"]
[SourceTitle "playchess.com"]
[Source "ChessBase"]
[SourceQuality "1"]
[TimeControl "5400+30"]

1. e4 c5 2. Nf3 Nc6 3. c3 d5 4. exd5 Qxd5 5. Na3 Bg4 6. Be2 e6 7. Qa4 Bf5 8. Nc4 {[%emt 0:02:41] Hoping for Nb6. White is better.} Rb8 {[%emt 0:02:40] [#] aiming for ...b5.} 9. Ne3 Qd7 10. Nxf5 exf5 11. O-O $36 {[%emt 0:01:13][%mdl 2048] Black is under strong pressure.} Bd6 12. d4 cxd4 13. Nxd4 {[%emt 0:01:14] Strongly threatening Rd1.} Nge7 {[%emt 0:35:28] [#]} (13... Nf6 $16 {might work better.}) 14. Nb5 ({Only move:} 14. Rd1 $1 $18 Nc8 15. Nxc6 bxc6 16. Bf3) 14... Rd8 $2 (14... Nc8 $16 15. Nxd6+ Nxd6) 15. Rd1 $18 ({Not} 15. Nxa7 Ra8 16. Bb5 O-O $17 (16... Rxa7 17. Qxa7 Nxa7 18. Bxd7+ Kxd7 19. Be3 $11)) 15... Nc8 16. Bg5 {[%emt 0:08:57] Against Qe7} N6e7 (16... O-O {was called for.} 17. Bxd8 Qxd8 18. Nxd6 Nxd6) 17. Bf4 {[%emt 0:08:23] Black got outplayed after the opening.   Weighted Error Value: White=0.10 (very precise) /Black=0.59.  Loses game:     	---       	Black=1      Mistake:       	White=1     	Black=2      Inaccurate:     	---       	Black=4      OK:         	White=7     	Black=3      Best:        	White=1     	---} 1-0

[Event "Romanian-ch Youth Open U20 2024"]
[Site "Eforie Nord"]
[Date "2024.04.17"]
[Round "7.1"]
[White "Tudor, Henry Edward"]
[Black "Mazilu, Stefan Fabian"]
[Result "1-0"]
[ECO "A11"]
[WhiteElo "2279"]
[BlackElo "1994"]
[Annotator "TA"]
[PlyCount "53"]
[EventDate "2024.04.10"]
[EventType "swiss"]
[EventCountry "ROU"]
[SourceTitle "playchess.com"]
[Source "ChessBase"]
[SourceQuality "1"]
[TimeControl "5400+30"]

1. Nf3 Nf6 2. b3 g6 3. Bb2 Bg7 4. g3 d5 5. c4 c6 6. Bg2 O-O 7. O-O b6 8. d4 Bb7 9. Nc3 Nbd7 10. Qc2 {[%emt 0:04:51] White has an edge.} Qc7 11. e4 dxe4 12. Nxe4 Nxe4 13. Qxe4 e6 14. Qe2 c5 15. Rad1 Rfe8 (15... Rad8 {seems wilder.} 16. dxc5 Nxc5 17. Bxg7 Kxg7 18. Qe3 Rxd1 19. Rxd1 Rd8) 16. Rfe1 Rad8 17. d5 Nf8 (17... Bxb2 $11 18. Qxb2 exd5) 18. Bxg7 Kxg7 19. Qe5+ Qxe5 20. Nxe5 exd5 21. cxd5 b5 22. Re3 Rd6 {[%emt 0:02:55] [#]} (22... Ba8 $14) 23. Nc4 $1 $18 Rdd8 {[%emt 0:01:52] [#]} 24. Rxe8 $1 Rxe8 25. Nd6 Rb8 26. Re1 {[%emt 0:02:12] White has more active pieces.} Kf6 {[%emt 0:02:14][%mdl 8192] Dodges Re7} (26... Ba6 $16 {was necessary.} 27. Re7 Rd8 28. Ne8+ (28. Nxf7 Rd7 $16) (28. Rxf7+ Kg8 $16) 28... Kg8 29. Rxa7 Bc8) 27. h4 {[%emt 0:00:03] Weighted Error Value: White=0.07 (flawless) /Black=0.38.  Loses game:     	---       	Black=1      Mistake:       	---       	Black=2      Inaccurate:     	White=1     	---        OK:         	White=6     	Black=5      Best:        	---       	Black=1      Strong:       	White=1     	---        Brilliant:      	White=1     	---} (27. Nxb5 Bxd5 28. Nc7 (28. Nxa7 Bxg2 29. Kxg2 Ra8 $11) 28... Be6 $14) 1-0

[Event "Romanian-ch Youth Open U20 2024"]
[Site "Eforie Nord"]
[Date "2024.04.17"]
[Round "7.2"]
[White "Antonica, Dragos-Andrei"]
[Black "Prisacaru, Stefan-Emilian"]
[Result "1-0"]
[ECO "E06"]
[WhiteElo "2317"]
[BlackElo "2286"]
[Annotator "TA"]
[PlyCount "97"]
[EventDate "2024.04.10"]
[EventType "swiss"]
[EventCountry "ROU"]
[SourceTitle "playchess.com"]
[Source "ChessBase"]
[SourceQuality "1"]
[TimeControl "5400+30"]

1. c4 c5 2. g3 Nf6 3. Bg2 e6 4. Nf3 Be7 5. Nc3 O-O 6. O-O d5 7. cxd5 Nxd5 8. d4 b6 9. dxc5 Bxc5 10. Nxd5 (10. Ng5 {is more complex.} Bb7 11. Qc2 g6 12. Nge4) 10... exd5 {[%emt 0:00:15] White is slightly better.} 11. a3 Be7 {[%emt 0:03:42] Inhibits Bg5.} 12. Nd4 Bb7 13. Bf4 Qd7 14. Rc1 Na6 {[%emt 0:03:44][%cal Bb8a6,Ba6c7,Bc7e6][%mdl 32] Wards off Rc7} 15. b4 Rac8 {[%emt 0:01:57] [#]} 16. Qd3 $1 Nc7 {[%emt 0:06:02] Prevents Qb5} 17. Nf5 {[%emt 0:09:01] White has more active pieces.} Ne6 18. Be5 Rcd8 (18... Rfe8 $16) 19. Bh3 {[%emt 0:17:47][%cal Of5g7] Strongly threatening Nxg7!} d4 20. Bxg7 {[%emt 0:04:59] [#] Be5 is the strong threat.} (20. Nxg7 $2 Qd5 21. e4 Qxe5 $19) 20... Bg5 $2 (20... Rfe8) 21. Bxf8 $18 Bxc1 22. Be7 (22. Bd6 $142 Bg5 23. f4) 22... Qd5 $2 (22... Qc6 23. f3 Rd7) 23. e4 (23. Rxc1 $2 Qh1#) 23... dxe3 24. Qxd5 Rxd5 25. Rxc1 e2 26. Ne3 {[%emt 0:03:39] Prevents Rd1+} Nd4 $2 (26... Rd7) 27. Bg2 ({Less strong is} 27. Nxd5 Nf3+ 28. Kg2 Bxd5 $18) 27... Rd7 28. Bf6 Nc2 {[%emt 0:00:37] ...Nxe3 would now be deadly.} 29. Bxb7 (29. Rxc2 $2 {too greedy.} e1=Q+ (29... e1=R+ $2 30. Nf1 $18) 30. Nf1 Rd6 31. Bxb7 Rxf6 $19) (29. Nxc2 $2 {is the wrong capture.} Rd1+ 30. Ne1 Rxc1 $19) 29... e1=Q+ 30. Rxe1 Nxe1 31. Be4 Nd3 32. Nd5 Nc1 33. Kf1 Rd6 34. f3 a5 35. Be5 Re6 36. Bc3 a4 37. g4 Nb3 38. Kf2 Kf8 39. h4 h6 40. Ke3 Rc6 41. f4 Rd6 42. g5 {[%emt 0:00:18] And now Bf6 would win.} hxg5 43. fxg5 {[%emt 0:00:15] Threatening mate with h5.} Nc1 44. h5 {[%emt 0:00:18] White mates.} Re6 45. h6 Ne2 46. h7 Rxe4+ 47. Kxe4 Nxc3+ 48. Nxc3 Kg7 49. Nxa4 {[%emt 0:00:06] Weighted Error Value: White=0.35/Black=0.75.  Mistake:       	White=1     	Black=4      Inaccurate:     	White=3     	Black=3      OK:         	White=13    	Black=7      Best:        	White=4     	Black=1      Strong:       	White=1     	---} 1-0

[Event "Romanian-ch Youth Open U20 2024"]
[Site "Eforie Nord"]
[Date "2024.04.17"]
[Round "7.3"]
[White "Antal, Hunor-Zoltan"]
[Black "Serban, Cristian-Stefan"]
[Result "0-1"]
[ECO "B15"]
[WhiteElo "2301"]
[BlackElo "2282"]
[Annotator "TA"]
[PlyCount "68"]
[EventDate "2024.04.10"]
[EventType "swiss"]
[EventCountry "ROU"]
[SourceTitle "playchess.com"]
[Source "ChessBase"]
[SourceQuality "1"]
[TimeControl "5400+30"]

1. e4 c6 2. d4 d5 3. Nc3 dxe4 4. Nxe4 Nf6 5. Nxf6+ exf6 6. Bc4 Na6 7. Ne2 Bd6 8. O-O O-O {[%emt 0:05:20] The position is equal.} 9. Ng3 Re8 10. c3 Be6 11. Bd3 Nc7 12. Bd2 g6 13. Re1 f5 14. Qc1 b5 15. Bg5 Be7 16. Bxe7 Qxe7 17. Qh6 Qf8 18. Qg5 h6 19. Qd2 h5 20. b3 Rad8 21. Re5 {[%emt 0:02:43] [#]} b4 $1 22. Rae1 (22. h3 bxc3) 22... bxc3 23. Qxc3 Qd6 24. Rc5 {[%emt 0:13:07] [#]} (24. h3 $15) 24... Bd5 $1 $17 (24... Qxd4 25. Qxd4 Rxd4 26. Rxc6 Rxd3 27. Rxc7) 25. Re5 h4 26. Nf1 {[%emt 0:01:26] [#]} h3 $1 27. g3 (27. Ne3 $142) 27... Ne6 $19 28. Ra5 f6 $2 (28... Bg2 $19 29. f4 Nxd4) 29. Rexd5 {[%emt 0:01:15] Now White is beyond hope.} cxd5 30. Ne3 $2 (30. Ra6 {is a better defense.} Qd7 31. Qa5 Nxd4 32. Rxf6 Nf3+ 33. Kh1) 30... Rc8 31. Qa1 (31. Qe1 $142 Qc6 (31... Nxd4 $2 32. Qd1 $19) 32. Bb5) 31... Qc7 32. Rc5 Nxc5 33. Nxd5 Nxd3 34. Nxc7 Rxc7 {[%emt 0:00:28] Weighted Error Value: White=0.83/Black=0.13 (very precise) .  Loses game:     	White=1     	---        Missed win:     	---       	Black=1      Mistake:       	White=4     	---        Inaccurate:     	White=4     	Black=1      OK:         	White=7     	Black=12     Best:        	---       	Black=1      Strong:       	---       	Black=1} 0-1